 Dungeon Crawl Stone Soup version 0.17-a0-1923-gc35365e (webtiles) character file.

53 musteatbrain the Skirmisher (level 3, -5/34 HPs)
             Began as a Minotaur Fighter on Sept 28, 2015.
             Slain by Sigmund
             ... wielding a +0 scythe
              (6 damage)
             ... on level 3 of the Dungeon.
             The game lasted 00:03:30 (1662 turns).

musteatbrain the Skirmisher (Minotaur Fighter)      Turns: 1662, Time: 00:03:30

Health: -5/34      AC:  8    Str: 26    XL:     3   Next: 62%
Magic:  2/2        EV:  7    Int:  5    God:
Gold:   98         SH:  9    Dex:  9    Spells: 0 memorised, 2 levels left

rFire  . . .     SeeInvis .     A - staff of energy
rCold  . . .     Clarity  .     b - +0 scale mail
rNeg   . . .     SustAt   .     c - +0 shield
rPois  .         Gourm    .     (helmet restricted)
rElec  .         Spirit   .     (no cloak)
rCorr  .         Warding  .     u - +0 pair of gloves
rMut   .         Stasis   .     (no boots)
MR     .....                    (no amulet)
Stlth  ..........               (no ring)
                                (no ring)

@: mighty, not resistant to hostile enchantments, extremely unstealthy
A: retaliatory headbutt, horns 2
a: no special abilities


You were on level 3 of the Dungeon.
You were not hungry.

You visited 1 branch of the dungeon, and saw 3 of its levels.

You collected 98 gold pieces.

Inventory:

Hand weapons
 a - a +0 war axe
Armour
 b - a +0 scale mail (worn)
 c - a +0 shield (worn)
 u - a +0 pair of gloves (worn)
Magical staves
 A - an uncursed staff of energy (weapon)
Jewellery
 h - an uncursed ring of protection from cold {unknown}
 q - an uncursed ring of fire {unknown}
Scrolls
 i - a scroll of teleportation
 n - a scroll of recharging
 p - 2 scrolls of remove curse
 r - a scroll of magic mapping {unknown}
 x - a scroll of immolation {unknown}
 y - a scroll of enchant weapon {unknown}
Potions
 j - a potion of cancellation
 l - a potion of flight
 o - 2 potions of ambrosia
 s - a potion of curing
 t - a potion of degeneration {unknown}
 v - 2 potions of lignification
 w - a potion of agility
Comestibles
 e - 4 bread rations
 k - a slice of pizza
 z - a meat ration


   Skills:
 + Level 4.4 Fighting
 * Level 4.2 Axes
 - Level 3.6 Armour
 - Level 3.6 Shields


You had 2 spell levels left.
You didn't know any spells.

Dungeon Overview and Level Annotations

Branches:
Dungeon (3/15)

Altars:

Annotations:
D:3 Sigmund


Innate Abilities, Weirdness & Mutations

You reflexively headbutt those who attack you in melee.
You have a pair of horns on your head.


Message History

You hear some strange, mumbled words.
You are confused.
You bump into the rock wall.
Something hits you but does no damage.
You hit something. You headbutt something. You miss something.
Something hits you!
* * * LOW HITPOINT WARNING * * *
You completely miss something. Something hits you.
* * * LOW HITPOINT WARNING * * *
You miss something.
You feel less confused. Something hits you but does no damage.
Drink which item? (? for menu, Esc to quit)
You feel very mighty all of a sudden. Something hits you but does no damage.
You closely miss something. You miss something.
Something hits you but does no damage.
You closely miss something. Something hits you!
* * * LOW HITPOINT WARNING * * *
You miss something. Something hits you.
You die...

###################
≈#####≈≈≈≈≈≈≈≈≈≈≈≈≈≈≈≈≈≈
≈≈≈≈≈≈≈≈≈≈≈≈≈≈≈≈≈≈≈≈≈≈≈≈
≈≈≈≈≈≈≈≈≈≈≈≈≈≈≈≈≈≈≈≈≈≈≈≈
≈≈≈≈≈.≈.≈≈≈≈.≈≈≈..≈≈≈≈≈≈
........................
........................
######.#############...
#@# ##.. #..{)..#
#######.#
#.#.......##.......#
..$..#..##.##.#####..
.## #.....#.##.#####.#
.. #.#......<....##.. .
#.# ..#.##.##.##.# ...
....##....>.†# ####....#


There were no monsters in sight!

Vanquished Creatures
  An adder (D:2)
  An ooze (D:2)
  A giant gecko (D:1)
  5 bats
  2 giant cockroaches
  5 goblins
  4 hobgoblins
  6 kobolds
  2 quokkas
  2 giant newts
  8 rats
37 creatures vanquished.

Notes
Turn   | Place    | Note
--------------------------------------------------------------
     0 | D:1      | musteatbrain the Minotaur Fighter began the quest for the Orb.
     0 | D:1      | Reached XP level 1. HP: 19/19 MP: 0/0
   638 | D:1      | Reached XP level 2. HP: 27/27 MP: 1/1
  1041 | D:2      | Reached skill level 4 in Fighting
  1041 | D:2      | Reached XP level 3. HP: 33/33 MP: 2/2
  1633 | D:3      | Noticed Sigmund
  1661 | D:3      | HP: 1/34 [something (7)]
  1662 | D:3      | Slain by Sigmund

Vault maps used:
D:1:      eino_arrival_cavern_e, serial_forest, infiniplex_forest_lined_corner,
          infiniplex_forest_clump_curved, infiniplex_forest_clump_medium,
          infiniplex_forest_clump_small, infiniplex_forest_lined_1,
          infiniplex_forest_clump_curved
D:3:      minmay_goblin_kobold_castle, cheibriados_altar_1,
          nicolae_overflow_hidden_temple, uniq_natasha, uniq_robin, uniq_sigmund

Action                   || total
-------------------------++-------
Melee: War axe           ||    84
       Staff             ||    26
  Use: Scroll            ||    11
       Potion            ||     1
  Eat: Bread ration      ||     1
